 Dungeon Crawl Stone Soup version 0.26-a0-597-gb535b0901c (webtiles) character file.

Game seed: 6264170935198520381

16 Cokeysmoke the Vexing (level 2, -1/16 HPs)
             Began as a Kobold Arcane Marksman on Sept 7, 2020.
             Slain by Sigmund
             ... wielding a +0 scythe
              (9 damage)
             ... on level 2 of the Dungeon.
             The game lasted 00:02:33 (878 turns).

Cokeysmoke the Vexing (Kobold Arcane Marksman)       Turns: 878, Time: 00:02:34

Health: -1/16      AC:  2    Str:  7    XL:     2   Next: 75%
Magic:  0/3        EV: 15    Int: 20    God:
Gold:   27         SH:  0    Dex: 15    Spells: 2/3 levels left

rFire    . . .     SeeInvis .   a - +0 hand crossbow
rCold    . . .     Faith    .   (shield restricted)
rNeg     . . .     Spirit   +   e - +0 robe
rPois    .         Reflect  .   (no helmet)
rElec    .         Harm     .   (no cloak)
rCorr    .                      (no gloves)
MR       .....                  (no boots)
Stlth    ++........             f - amulet of guardian spirit
HPRegen  0.05/turn              k - +6 ring of intelligence
MPRegen  0.08/turn              (no ring)

@: confused
A: small, nightstalker 3
a: no special abilities


You were on level 2 of the Dungeon.
You visited 1 branch of the dungeon, and saw 2 of its levels.

You collected 27 gold pieces.

Inventory:

Hand Weapons
 a - a +0 hand crossbow (weapon)
 c - a +0 short sword
Missiles
 d - 23 bolts (quivered)
Armour
 e - a +0 robe (worn)
Jewellery
 f - an amulet of guardian spirit (around neck)
 k - a +6 ring of intelligence (left hand)
Scrolls
 b - a scroll of amnesia {unknown}
 g - a scroll of identify {unknown}
 h - a scroll of fear {unknown}
Potions
 i - a potion of brilliance {unknown}
 j - a potion of might {unknown}


   Skills:
 - Level 1.1 Fighting
 + Level 3.0 Crossbows
 - Level 2.4 Dodging
 + Level 1.6 Stealth
 - Level 1.1 Spellcasting
 + Level 3.2 Hexes


You had 2 spell levels left.
You knew the following spells:

 Your Spells              Type           Power        Failure   Level
a - Corona                Hex            ##.....      4%          1

Your spell library contained the following spells:

 Spells                   Type           Power        Failure   Level
 Slow                     Hex            ##......     7%          2
 Inner Flame              Hex/Fire       #.......     26%         3
 Portal Projectile        Hex/Tloc       #.....       26%         3
 Cause Fear               Hex            ##........   41%         4
 Leda's Liquefaction      Hex/Erth       #.........   65%         4


Dungeon Overview and Level Annotations

Branches:
Dungeon (2/15)

Altars:

Annotations:
D:2 Sigmund


Innate Abilities, Weirdness & Mutations

You are small and have problems with some larger weapons.
You are completely attuned to the shadows.


Message History

Firing (i - inventory)
d - 26 bolts (quivered)
Press: ? - help, Shift-Dir - straight line, f/p - Sigmund
Aim: Sigmund, wielding a +0 scythe and wearing a +0 robe (heavily wounded, slightly transparent, softly glowing)
You shoot a bolt. The hobgoblin shouts!
The bolt hits Sigmund.
Sigmund is severely wounded.
Sigmund stops glowing and disappears.
You hear some strange, mumbled words.
Deactivating autopickup; reactivate with Ctrl-A.
You are confused.
Firing (i - inventory)
d - 25 bolts (quivered)
Press: ? - help, Shift-Dir - straight line You shoot a bolt.
Something barely misses you.
Firing (i - inventory)
d - 24 bolts (quivered)
Press: ? - help, Shift-Dir - straight line, f - hobgoblin
Aim: a hobgoblin, wielding a +0 mace You shoot a bolt.
Something hits you!
Ouch! That really hurt!
You die...

. ... .#..
#g{ #.# #@#
#####.#.#
#.........
#.###.####
####### #.#
#...
....<.###.#
#####
###.......#
#...#####
##.##


You could see a hobgoblin.

Vanquished Creatures
  A dart slug (D:1)
  A giant cockroach (D:1)
  A goblin (D:1)
  A hobgoblin (D:1)
  2 jackals (D:1)
  2 bats (D:1)
  4 kobolds (D:1)
12 creatures vanquished.

Notes
Turn   | Place    | Note
-------+----------+-------------------------------------------
     0 | D:1      | Cokeysmoke the Kobold Arcane Marksman began the quest for
                  | the Orb.
     0 | D:1      | Reached XP level 1. HP: 12/12 MP: 2/2
    48 | D:1      | Reached skill level 1 in Stealth
   128 | D:1      | Reached XP level 2. HP: 16/16 MP: 3/3
   868 | D:2      | Noticed Sigmund
   878 | D:2      | Slain by Sigmund

Illustrated notes

Levels and vault maps discovered:
D:1:      minmay_arrival_checkered_box, layout_loops_ring, chequers_mini_garden,
          hangedman_decor_diamond_cutter
D:2:      layout_loops_ring, tgw_trog, trog_butcher_becter, uniq_sigmund,
          uniq_terence

Skill      XL: |  1  2 |
---------------+-------+-----
Stealth        | 1 |  1.6
Crossbows      | 3 |  3.0
Fighting       | |  1.1
Dodging        | |  2.4
Spellcasting   | |  1.1
Hexes          | |  3.2

Action                   || total
-------------------------++-------
 Fire: Hand crossbow     ||    46
 Cast: Corona            ||     1
Armor: Robe              ||     5
Dodge: Dodged            ||    19

Table legend: (Time is in decaauts)
 A = Elapsed time spent in this place.
 B = Non-inter-level travel time spent in this place.
 C = Inter-level travel time spent in this place.
 D = Time resting spent in this place.
 E = Time spent auto-exploring this place.
 F = Levels seen in this place.
 G = Mean time per level.
                   A        B        C        D        E       F      G
               +--------+--------+--------+--------+--------+-----+--------+
         Total |    893 |    822 |     71 |      0 |    714 |   2 |  446.5 |
       Dungeon |    893 |    822 |     71 |      0 |    714 |   2 |  446.5 |
               +--------+--------+--------+--------+--------+-----+--------+

Top non-repeatable levels by time:
     D:1: 869 daAuts
     D:2: 24 daAuts
